AoeStats
← Jeffrey Epsteins urologist

Arabia

509798172Analyzed
1v1 RM · 4d ago on Sep 28, 2026· 58m 36s· 2 players
Game mode
Random Map
Map size
Tiny (2 player)
Population
200
Speed
Normal
Resources
Standard
Victory
Conquest
Starting age
Dark Age
Ending age
Imperial Age
RankedLock teamsTeams togetherTeam positionsShared explorationLock speedFull tech treeHidden civsTurbo modeCheats
Victory
Defeat
936
+15
🇦🇷 Chinese · Argentina
917
-15
Papa caliente
0:26 Loom
10:08 Feudal Age
10:55 Double-Bit Axe
19:48 Fletching
20:00 Padded Archer Armor
24:06 Castle Age
25:09 Bow Saw
25:23 Gold Mining
25:16 Horse Collar
27:40 Heavy Plow
28:18 Gold Shaft Mining
28:11 Forging
28:20 Squires
28:41 Arson
29:30 Stone Mining
31:55 Scale Mail Armor
32:31 Iron Casting
32:56 Chain Mail Armor
33:38 Wheelbarrow
37:33 Leather Archer Armor
38:18 Bodkin Arrow
41:42 Imperial Age
43:02 Capped Ram
45:00 Two-Man Saw
45:45 Bracer
48:05 Blast Furnace
49:42 Ring Archer Armor
49:55 Elite Skirmisher
51:29 Ballistics
52:12 Chemistry
51:28 Thumb Ring
51:54 Hand Cart
53:07 Elite Fire Lancer
55:56 Thumb Ring
56:18 Scale Barding Armor
57:19 Bloodlines
57:20 Light Cavalry
58:45 Chain Barding Armor
Jeffrey Epsteins urologist
10:20 Feudal Age
8:35 Loom
12:15 Double-Bit Axe
21:06 Castle Age
19:49 Fletching
30:03 Wheelbarrow
29:45 Horse Collar
32:02 Murder Holes
33:34 Heavy Plow
33:48 Bow Saw
37:54 Imperial Age
37:53 Scale Barding Armor
37:58 Forging
37:48 Bodkin Arrow
37:54 Padded Archer Armor
37:57 Husbandry
38:07 Bloodlines
40:48 Onager
42:21 Conscription
42:04 Kasbah
45:51 Ballistics
46:31 Chemistry
45:43 Masonry
48:40 Siege Engineers
50:30 Hand Cart
51:55 Hoardings
51:31 Town Watch
51:41 Elite Camel Archer
54:15 Cavalier
56:31 Forging
56:20 Gold Mining
58:17 Chain Barding Armor
58:32 Iron Casting
Connection lost

Rejoining the realm…

Still unreachable

The connection could not be restored.

Session expired

The server has moved on; the page needs a fresh start.